 Dungeon Crawl Stone Soup version 0.31-a0-246-g8cbcc1cb85 (webtiles) character file.

Game seed: 5918620207129001012

132 qw the Shooter (level 4, -3/38 HPs)
             Began as a Minotaur Hexslinger on July 12, 2023.
             Slain by an orc
             ... wielding a +0 whip
              (5 damage)
             ... on level 3 of the Dungeon.
             The game lasted 00:00:44 (2244 turns).

qw the Shooter (Minotaur Hexslinger)                Turns: 2244, Time: 00:00:45

Health: -3/38      AC:  3    Str: 13    XL:     4   Next: 92%
Magic:  4/4        EV: 12    Int: 10    God:
Gold:   64         SH:  0    Dex: 14    Spells: 4/5 levels left

rFire   . . .        Y - +1 sling
rCold   . . .        (no shield)
rNeg    . . .        c - +0 robe
rPois   .            (helmet restricted)
rElec   .            f - +0 cloak
rCorr   .            (no gloves)
SInv    +            (no boots)
Will    .....        (no amulet)
Stlth   +            d - ring of see invisible
HPRegen 0.26/turn    (no ring)
MPRegen 0.09/turn

%: no passive effects
@: no status effects
A: horns 2, retaliatory headbutt
a: no special abilities


You were on level 3 of the Dungeon.
You visited 1 branch of the dungeon, and saw 3 of its levels.

You collected 64 gold pieces.


Innate Abilities, Weirdness & Mutations

You have a pair of horns on your head.
You reflexively headbutt those who attack you in melee.


   Skills:
 - Level 3.1 Fighting
 + Level 5.0 Ranged Weapons
 - Level 2.1 Dodging
 - Level 1.0 Spellcasting
 - Level 2.0 Hexes


You had 4 spell levels left.
You knew the following spells:

 Your Spells              Type           Power      Damage    Failure   Level
a - Slow                  Hex            16%        N/A       16%         1

Your spell library contained the following spells:

 Spells                   Type           Power      Damage    Failure   Level
 Inner Flame              Hex/Fire       2%         N/A       56%         3
 Portal Projectile        Hex/Tloc       4%         N/A       56%         3
 Cause Fear               Hex            2%         N/A       83%         4

Inventory:

Hand Weapons
 Y - a +1 sling (weapon)
Armour
 c - a +0 robe (worn)
 f - a +0 cloak (worn)
Jewellery
 d - a ring of see invisible (left hand)
Potions
 a - a potion of lignification {unknown}
 b - a potion of curing {unknown}
 i - a potion of berserk rage {unknown}

Dungeon Overview and Level Annotations

Branches:
Dungeon (3/15)

Altars:


Message History

Beogh smites you!
Your Fighting skill increases to level 3!
You shoot a sling bullet.
The sling bullet closely misses the orc.
The orc shouts!
The orc priest calls upon Beogh to heal the orc.
The orc's wounds heal themselves!
You shoot a sling bullet. The sling bullet hits the orc.
The orc is severely wounded.
The orc hits you with a +0 short sword.
You shoot a sling bullet. The sling bullet hits the orc.
You kill the orc!
The orc priest hits you but does no damage.
An orc comes into view. It is wielding a +0 flail.
You shoot a sling bullet. The sling bullet hits the orc priest.
The orc priest is moderately wounded.
The orc priest closely misses you. The orc barely misses you.
You shoot a sling bullet.
The sling bullet barely misses the orc priest.
The orc priest miscasts a cantrip.
The orc hits you with a +0 whip.
You shoot a sling bullet.
The sling bullet barely misses the orc priest.
The orc closely misses you.
You shoot a sling bullet. The sling bullet hits the orc priest.
The orc priest is heavily wounded.
The orc priest misses you. The orc hits you with a +0 falchion.
The orc hits you with a +0 whip. The orc priest hits you with a +0 club.
The orc closely misses you. The orc hits you but does no damage.
An orc comes into view. It is wielding a +0 flail.
You shoot a sling bullet.
The sling bullet closely misses the orc priest.
The orc shouts!
You hear a shout!
The orc priest barely misses you. The orc barely misses you.
The orc hits you with a +0 falchion.
You shoot a sling bullet.
The sling bullet barely misses the orc priest.
The orc priest barely misses you. The orc hits you with a +0 whip.
You die...

.... #o.# #).#
#..# #..# ###
#o.# #.. #oo#
#.# ####@o# #.#
#.....#
###.####.###.#
#............#
#
#.#.####.#####
## #.#.# #.#
.#####.#.# #<#
#.<.....>####.#
..............#


You could see an orc priest and 4 orcs.

Vanquished Creatures
  5 gnolls
  3 adders
  A worm (D:2)
  4 orcs
  6 ball pythons
  6 bats
  4 endoplasms
  A giant cockroach (D:3)
  4 goblins
  4 jackals (D:1)
  A quokka (D:2)
  5 frilled lizards
  5 kobolds
  3 rats
52 creatures vanquished.

Notes
Turn   | Place    | Note
-------+----------+-------------------------------------------
     0 | D:1      | qw the Minotaur Hexslinger began the quest for the Orb.
     0 | D:1      | Reached XP level 1. HP: 16/16 MP: 1/1
     0 | D:1      | 0 ||| qw: Version: 0.3-a-52-g30416fa
     0 | D:1      | 0 ||| qw: Game counter: 6265
     0 | D:1      | 0 ||| qw: Melee chars always use a shield: true
     0 | D:1      | 0 ||| qw: God list: Okawaru
     0 | D:1      | 0 ||| qw: Allow faded altars: false
     0 | D:1      | 0 ||| qw: Do Orc after clearing Dungeon:15 true
     0 | D:1      | 0 ||| qw: Do second Lair branch before Depths: true
     0 | D:1      | 0 ||| qw: Lair rune preference: random
     0 | D:1      | 0 ||| qw: Goals: Normal
     0 | D:1      | 0 ||| PLANNING D:1-11
   121 | D:1      | Reached skill level 3 in Ranged Weapons
   121 | D:1      | Reached XP level 2. HP: 13/23 MP: 2/2
   265 | D:1      | 265 ||| FLEEEEING.
   266 | D:1      | 266 ||| FLEEEEING.
   267 | D:1      | 267 ||| FLEEEEING.
   268 | D:1      | 268 ||| FLEEEEING.
   637 | D:1      | Reached XP level 3. HP: 15/29 MP: 3/3
   791 | D:1      | 791 ||| UPGRADING to ring of see invisible.
   792 | D:1      | 792 ||| READING scroll labelled ICADGHO VIFEO.
   797 | D:1      | 797 ||| READING scroll labelled ZAFAMODGHOA.
   798 | D:1      | 798 ||| DROPPING scroll of poison.
   868 | D:2      | Reached skill level 4 in Ranged Weapons
  1113 | D:2      | 1113 ||| READING scroll labelled HECSAPRUNITH.
  1116 | D:2      | 1116 ||| READING scroll labelled KOT HETSOPOMI.
  1215 | D:2      | Found a faded altar of an unknown god.
  1310 | D:2      | Reached XP level 4. HP: 36/36 MP: 4/4
  1502 | D:2      | Reached skill level 5 in Ranged Weapons
  1699 | D:2      | HP: 9/37 [poisoned by an adder]
  2160 | D:2      | 2160 ||| UPGRADING to +0 cloak.
  2165 | D:2      | 2165 ||| READING scroll labelled OPOYKA LOFFULE.
  2166 | D:2      | 2166 ||| READING scroll labelled RUTIJA NASYOLAQO.
  2167 | D:2      | 2167 ||| READING scroll labelled GOTYES TA COUD.
  2236 | D:3      | Reached skill level 3 in Fighting
  2242 | D:3      | HP: 9/38 [orc/+0 falchion (3)]
  2243 | D:3      | HP: 2/38 [orc/+0 falchion (4)]
  2244 | D:3      | Slain by an orc

Levels and vault maps discovered:
D:1:      lightli_arrival_flooded_house, layout_loops_cross
D:2:      layout_basic, serial_glass, glass_columns_a, glass_columns_a,
          hellmonk_ecumenical_altar_defaced_shrine, kennysheep_generic_room_15
D:3:      layout_loops_ring, makhleb_altar_promises_db, uniq_robin

Skill      XL: |  1  2  3  4 |
---------------+-------------+-----
Ranged Weapons | 3 4 5 |  5.0
Fighting       | 2 3 |  3.1
Dodging        | |  2.1
Spellcasting   | |  1.0
Hexes          | |  2.0

Action                     |  1- 3 |  4- 6 || total
---------------------------+-------+-------++-------
   Fire: Sling             |   121 |    67 ||   188
    Use: Scroll            |     4 |     3 ||     7
 Armour: Robe              |    15 |    12 ||    27
  Dodge: Dodged            |    44 |    28 ||    72

Table legend:
 A = Non-vault XP
 B = Vault XP
 C = Vault XP percentage of total XP
 D = Non-vault monster count
 E = Vault monster count
 F = Vault count percentage of total count
                 A         B        C        D         E       F
            +---------+---------+-------+---------+---------+-------
      Total |     179 |      10 |   5.3 |      48 |       4 |   7.7
            +---------+---------+-------+---------+---------+-------
        D:1 |      53 |       0 |   0.0 |      26 |       0 |   0.0
        D:2 |     106 |      10 |   8.6 |      18 |       4 |  18.2
        D:3 |      20 |       0 |   0.0 |       4 |       0 |   0.0
            +---------+---------+-------+---------+---------+-------
